 Dungeon Sprint DCSS version 0.31-a0-728-g01b46875f1 (webtiles) character file.

Game seed: 15354043308172779255

266 sircluck the Ruffian (level 6, 0/68 HPs)
             Began as a Troll Berserker on Sept 11, 2023.
             Was an Elder of Trog.
             Slain by a wraith (4 damage)
             ... in the Dungeon (Sprint IX: "|||||||||||||||||||||||||||||").
             The game lasted 00:00:32 (131 turns).

sircluck the Ruffian (Troll Berserker)               Turns: 131, Time: 00:00:34

Health: 0/68       AC:  4    Str: 31    XL:     6   Next: 0%
Magic:  5/5        EV: 12    Int:  3    God:    Trog [****..]
Gold:   0          SH:  0    Dex: 12    Spells: 5/5 levels left

rFire   . .          .
                       - Unarmed
rCold   . . .        (no shield)
rNeg    . . .        a - +0 animal skin
rPois   .            (helmet restricted)
rElec   .            (no cloak)
rCorr   .            (gloves unavailable)
SInv    .            (boots unavailable)
Will    .....        (no amulet)
Stlth   +            k - +3 ring of strength
HPRegen 1.11/turn    j - +3 ring of dexterity
MPRegen 0.09/turn

%: no teleportation
@: slowed, very slow
A: large, unfitting armour, claws 3, regeneration 1, shaggy fur 1, tough skin 1
a: Renounce Religion, Berserk, Trog's Hand, Brothers in Arms


You were in the Dungeon.
You worshipped Trog.
Trog was greatly pleased with you.
You visited 1 branch

Inventory:

Armour
 a - a +0 animal skin (worn)
Jewellery
 j - a +3 ring of dexterity (right claw)
 k - a +3 ring of strength (left claw)
Wands
 i - a wand of acid (10)
Scrolls
 g - 2 scrolls of blinking
Potions
 b - 5 potions of curing
 c - 2 potions of heal wounds
 d - a potion of haste
 e - 4 potions of magic
 f - a potion of berserk rage
 h - a potion of invisibility


   Skills:
 + Level 6.5 Fighting
 + Level 6.4 Dodging
 + Level 7.8 Unarmed Combat


You had 5 spell levels left.
You didn't know any spells.
Your spell library was empty.

Dungeon Overview and Level Annotations

Branches:
Dungeon (1/1)

Altars:
Cheibriados
Dithmenos
Elyvilon
Fedhas
Gozag
Hepliaklqana
Kikubaaqudgha
Makhleb
Nemelex Xobeh
Okawaru
Qazlal
Ru
Sif Muna
Trog
Uskayaw
Vehumet
Wu Jian
Xom
Yredelemnul
Zin
The Shining One
Jiyva
Lugonu


Innate Abilities, Weirdness & Mutations

You are too large for most types of armour.
You have claws for hands.
Your natural rate of healing is unusually fast.
You are covered in fur. (AC +1)
You have tough skin. (AC +1)


Message History

Things that are here:
a +0 orcbow; a centaur corpse You mangle the centaur!!
The centaur is almost dead.
The centaur hits you. The centaur kicks you.
You mangle the centaur!!
You kill the centaur!
Trog accepts your kill.
Your Dodging skill increases to level 6!
You have reached level 6!
You feel stronger.
You scratch the wraith but do no damage.
You scratch the wraith but do no damage.
The wraith hits you!
You scratch the wraith but do no damage.
The wraith hits you. The wraith drains your vigour!
You feel yourself slow down.
You scratch the wraith but do no damage.
The wraith hits you!
You closely miss the wraith. The wraith misses you. The wraith hits you!
* * * LOW HITPOINT WARNING * * *
The wraith drains your vigour!
You feel as though you will be slow longer.
You claw the wraith!
The wraith is moderately damaged.
The wraith hits you.
* * * LOW HITPOINT WARNING * * *
The wraith drains your vigour!
You feel as though you will be slow longer.
You scratch the wraith but do no damage.
Your claw misses the wraith.
The wraith is moderately damaged.
The wyvern hisses menacingly.
The wraith hits you but does no damage.
You claw the wraith! x2
The wraith is almost destroyed.
The wraith hits you!
* * * LOW HITPOINT WARNING * * *
The wraith hits you.
You die...

▓)▓
▓.▓
▓[▓
▓[▓
▓[▓
▓.▓
▓.▓
▓'▓
▓@▓
▓W▓
▓l▓
▓y▓
▓K▓
▓.▓
▓+▓


You could see a wraith, a wyvern, a kobold brigand and a killer bee.

Vanquished Creatures
  2 centaurs (D)
  A scorpion (D)
  A howler monkey (D)
  An ufetubus (D)
  2 orcs (D)
  An endoplasm (D)
  A giant cockroach (D)
  A hobgoblin (D)
  2 frilled lizards (D)
12 creatures vanquished.

Notes
Turn   | Place    | Note
-------+----------+-------------------------------------------
     0 | D        | sircluck the Troll Berserker began the quest for the Orb.
     0 | D        | Reached XP level 1. HP: 22/22 MP: 0/0
    12 | D        | Reached ** piety under Trog
    23 | D        | Noticed a howler monkey
    23 | D        | Noticed a scorpion
    28 | D        | Reached XP level 2. HP: 29/31 MP: 1/1
    29 | D        | Reached *** piety under Trog
    30 | D        | Reached skill level 4 in Unarmed Combat
    33 | D        | Killed a howler monkey
    34 | D        | Reached skill level 5 in Unarmed Combat
    34 | D        | Reached XP level 3. HP: 34/39 MP: 2/2
    38 | D        | Killed a scorpion
    39 | D        | Reached skill level 5 in Fighting
    39 | D        | Reached skill level 5 in Dodging
    39 | D        | Reached skill level 6 in Unarmed Combat
    39 | D        | Reached XP level 4. HP: 35/50 MP: 3/3
    70 | D        | Found a snail-covered altar of Cheibriados.
    70 | D        | Found a shadowy altar of Dithmenos.
    70 | D        | Found a white marble altar of Elyvilon.
    70 | D        | Found a blossoming altar of Fedhas.
    70 | D        | Found an opulent altar of Gozag.
    71 | D        | Found a hazy altar of Hepliaklqana.
    72 | D        | Found a viscous altar of Jiyva.
    73 | D        | Found an ancient bone altar of Kikubaaqudgha.
    74 | D        | Found a corrupted altar of Lugonu.
    75 | D        | Found a burning altar of Makhleb.
    76 | D        | Found a sparkling altar of Nemelex Xobeh.
    77 | D        | Found an iron altar of Okawaru.
    78 | D        | Found a stormy altar of Qazlal.
    79 | D        | Found a sacrificial altar of Ru.
    80 | D        | Found a shimmering blue altar of Sif Muna.
    81 | D        | Found a bloodstained altar of Trog.
    82 | D        | Found a hide-covered altar of Uskayaw.
    83 | D        | Found a radiant altar of Vehumet.
    84 | D        | Found an ornate altar of the Wu Jian Council.
    85 | D        | Found a shimmering altar of Xom.
    86 | D        | Found a basalt altar of Yredelemnul.
    87 | D        | Found a glowing silver altar of Zin.
    88 | D        | Found a glowing golden altar of the Shining One.
   112 | D        | Noticed a centaur
   112 | D        | Noticed a centaur
   112 | D        | Noticed a wraith
   112 | D        | Noticed a wyvern
   112 | D        | Noticed a kobold brigand
   120 | D        | Killed a centaur
   120 | D        | Reached **** piety under Trog
   121 | D        | Reached skill level 7 in Unarmed Combat
   121 | D        | Reached XP level 5. HP: 38/59 MP: 4/4
   123 | D        | Killed a centaur
   124 | D        | Reached XP level 6. HP: 42/68 MP: 5/5
   131 | D        | Slain by a wraith

Illustrated notes

Levels and vault maps discovered:
D:        linesprint [early_d, line_temple, items_1, d_10, items_2, lair_1,
          lair_end, items_3, orc_1, orc_end, items_4, d_15, swamp_1, shoals_1,
          snake_1, spider_1, d_20, vaults_1, items_5, swamp_end, shoals_end,
          snake_end, spider_end, vaults_end, d_27, items_6, zot_1, zot_end,
          crypt_end, forest_end, elf_end, slime_end, tomb_end, abyss_end,
          pan_hell_end]

Skill      XL: |  1  2  3  4  5 |
---------------+----------------+-----
Fighting       | 3 4 5 6 |  6.5
Dodging        | 3 4 5 6 |  6.4
Unarmed Combat | 5 6 7 |  7.8

Action                     |  1- 3 |  4- 6 || total
---------------------------+-------+-------++-------
  Melee: Unarmed           |    28 |    17 ||    45
         Punch             |       |     2 ||     2
    Use: Potion            |       |     1 ||     1
 Armour: Animal skin       |    16 |    23 ||    39
  Dodge: Dodged            |    13 |     7 ||    20

Table legend: (Time is in decaauts)
 A = Elapsed time spent in this place.
 B = Non-inter-level travel time spent in this place.
 C = Inter-level travel time spent in this place.
 D = Time resting spent in this place.
 E = Time spent auto-exploring this place.
 F = Levels seen in this place.
 G = Mean time per level.
                   A        B        C        D        E       F      G
               +--------+--------+--------+--------+--------+-----+--------+
         Total |    127 |    127 |      0 |     21 |     26 |   1 |  127.0 |
       Dungeon |    127 |    127 |      0 |     21 |     26 |   1 |  127.0 |
               +--------+--------+--------+--------+--------+-----+--------+

Top non-repeatable levels by time:
       D: 127 daAuts
